 Dungeon Crawl Stone Soup version 0.23.2 (webtiles) character file.

Game seed: 6142156830785628820

187 esteth the Magician (level 5, 0/37 HPs)
             Began as a Gnoll Wizard on Apr 13, 2019.
             Was a Believer of Ru.
             Slain by a hound (1 damage)
             ... on level 4 of the Dungeon.
             The game lasted 00:05:59 (2811 turns).

esteth the Magician (Gnoll Wizard)                  Turns: 2811, Time: 00:06:00

Health: 0/37       AC:  2    Str:  9    XL:     5   Next: 66%
Magic:  7/14       EV: 14    Int: 22    God:    Ru [**....]
Gold:   147        SH:  0    Dex: 13    Spells: 7/18 levels left

rFire    . . .     SeeInvis .   e - +0 hand axe
rCold    . . .     Gourm    .   (no shield)
rNeg     . . .     Faith    .   a - +0 robe
rPois    .         Spirit   .   b - +0 hat
rElec    .         Reflect  .   (no cloak)
rCorr    .         Harm     .   (no gloves)
MR       .....                  (no boots)
Stlth    +++.......             (no amulet)
HPRegen  0.12/turn              (no ring)
MPRegen  0.14/turn              (no ring)

@: no status effects
A: distributed training, fangs 1, inability to use devices, strong nose
a: Renounce Religion


You were on level 4 of the Dungeon.
You worshipped Ru.
Ru was pleased with you.
You were hungry.

You visited 1 branch of the dungeon, and saw 4 of its levels.

You collected 147 gold pieces.

Inventory:

Hand Weapons
 e - a +0 hand axe (weapon)
Armour
 a - a +0 robe (worn)
 b - a +0 hat (worn)
 t - +0 fire dragon scales
Scrolls
 c - 2 scrolls of identify
 g - 2 scrolls of enchant weapon {unknown}
 j - a scroll of amnesia {unknown}
 k - a scroll of remove curse {unknown}
 o - 2 scrolls of magic mapping {unknown}
 s - 2 scrolls of teleportation {unknown}
 u - a scroll of enchant armour {unknown}
Potions
 f - a potion of lignification {unknown}
 h - 4 potions of curing {unknown}
 i - a potion of heal wounds {unknown}
 l - a potion of might {unknown}
 m - 2 potions of mutation {unknown}
 n - 2 potions of haste {unknown}
 p - a potion of agility {unknown}
 r - a potion of degeneration {unknown}
Comestibles
 d - 5 rations


   Skills:
 + Level 1.5 Fighting
 + Level 1.5 Short Blades
 + Level 1.5 Long Blades
 + Level 1.5 Axes
 + Level 1.5 Maces & Flails
 + Level 1.5 Polearms
 + Level 1.5 Staves
 + Level 1.5 Slings
 + Level 1.5 Bows
 + Level 1.5 Crossbows
 + Level 1.5 Throwing
 + Level 1.5 Armour
 + Level 4.8 Dodging
 + Level 4.4 Stealth
 + Level 1.5 Shields
 + Level 1.5 Unarmed Combat
 + Level 7.3 Spellcasting
 + Level 2.4 Conjurations
 + Level 1.2 Hexes
 + Level 1.2 Charms
 + Level 2.4 Summonings
 + Level 1.2 Necromancy
 + Level 2.4 Translocations
 + Level 1.2 Transmutations
 + Level 1.2 Fire Magic
 + Level 1.2 Ice Magic
 + Level 1.2 Air Magic
 + Level 1.2 Earth Magic
 + Level 1.2 Poison Magic
 + Level 1.7 Invocations
   Level 0.0 Evocations


You had 7 spell levels left.
You knew the following spells:

 Your Spells              Type           Power        Failure   Level  Hunger
a - Magic Dart            Conj           ###.         3%          1    None
b - Blink                 Tloc           N/A          4%          2    None
c - Call Imp              Summ           ###.....     4%          2    None
d - Conjure Flame         Conj/Fire      ###.....     11%         3    None
e - Mephitic Cloud        Conj/Pois/Air  ###.....     12%         3    None

Your spell library contained the following spells:

 Spells                   Type           Power        Failure   Level  Hunger
 Slow                     Hex            ##......     8%          2    None


Dungeon Overview and Level Annotations

Branches:
Dungeon (4/15)
 Temple: D:4-7

Altars:
Makhleb
Ru
Vehumet
The Shining One


Innate Abilities, Weirdness & Mutations

Your experience applies equally to all skills.
You have very sharp teeth.
You cannot study or use magical devices.
Your uncanny sense of smell can sniff out nearby items.


Message History

The hound closely misses you.
You hit the hound.
The hound is almost dead.
You completely miss the hound skeleton. The hound skeleton bites you.
The hound completely misses you. The hound skeleton closely misses you.
You hit the hound but do no damage.
The hound is almost dead.
You hit the hound skeleton. The hound bites you.
* * * LOW HITPOINT WARNING * * *
The hound skeleton bites you.
* * * LOW HITPOINT WARNING * * *
The hound closely misses you.
You closely miss the hound.
The hound is almost dead.
You hit the hound skeleton. The hound bites you.
* * * LOW HITPOINT WARNING * * *
The hound skeleton bites you.
* * * LOW HITPOINT WARNING * * *
The hound bites you.
You die...

## .. ##. ∆ ###
.. #.##.# #.Z#.#
#######oh@.#
.$.....)#....#
#####..##......#
#.> #.<.##..#
#... ...?.. ..
#... ..##### #
.... .## #....##
##...


You could see a hound, an orc and a hound skeleton.

Vanquished Creatures
  An orc priest (D:4)
  A bullfrog skeleton (D:4)
  7 adders
  An ooze (D:2)
  A dart slug (D:1)
  2 leopard geckos
  4 orcs
  5 bats
  2 giant cockroaches
  4 goblins
  3 hobgoblins
  8 kobolds
  4 quokkas
  6 frilled lizards
  A quokka skeleton (D:4)
  8 rats
58 creatures vanquished.

Vanquished Creatures (others)
  An adder (D:3)
  A quokka (D:3)
2 creatures vanquished.

Grand Total: 60 creatures vanquished

Notes
Turn   | Place    | Note
-------+----------+-------------------------------------------
     0 | D:1      | esteth the Gnoll Wizard began the quest for the Orb.
     0 | D:1      | Reached XP level 1. HP: 13/13 MP: 8/8
   100 | D:1      | Found a glowing golden altar of the Shining One.
   644 | D:1      | Reached XP level 2. HP: 8/19 MP: 8/10
   796 | D:1      | Learned a level 2 spell: Blink
   799 | D:1      | Learned a level 2 spell: Call Imp
  1139 | D:2      | Reached XP level 3. HP: 25/25 MP: 5/11
  1144 | D:2      | Learned a level 3 spell: Conjure Flame
  1249 | D:2      | Learned a level 3 spell: Mephitic Cloud
  1317 | D:2      | Found a radiant altar of Vehumet.
  1532 | D:2      | Reached skill level 1 in Invocations
  1732 | D:2      | Found a faded altar of an unknown god.
  1766 | D:2      | Became a worshipper of Ru the Awakened
  1787 | D:2      | Gained mutation: You cannot study or use magical devices.
                  | [Ru sacrifice]
  1787 | D:2      | Reached * piety under Ru
  1787 | D:2      | Reached ** piety under Ru
  1809 | D:2      | Found a burning altar of Makhleb.
  1924 | D:3      | Reached skill level 1 in Fighting
  1924 | D:3      | Reached skill level 1 in Short Blades
  1924 | D:3      | Reached skill level 1 in Long Blades
  1924 | D:3      | Reached skill level 1 in Axes
  1924 | D:3      | Reached skill level 1 in Maces & Flails
  1924 | D:3      | Reached skill level 1 in Polearms
  1924 | D:3      | Reached skill level 1 in Staves
  1924 | D:3      | Reached skill level 1 in Slings
  1924 | D:3      | Reached skill level 1 in Bows
  1924 | D:3      | Reached skill level 1 in Crossbows
  1924 | D:3      | Reached skill level 1 in Throwing
  1924 | D:3      | Reached skill level 1 in Armour
  1924 | D:3      | Reached skill level 1 in Shields
  1924 | D:3      | Reached skill level 1 in Unarmed Combat
  1974 | D:3      | Reached XP level 4. HP: 29/32 MP: 13/13
  2286 | D:3      | Reached skill level 1 in Hexes
  2286 | D:3      | Reached skill level 1 in Charms
  2286 | D:3      | Reached skill level 1 in Necromancy
  2286 | D:3      | Reached skill level 1 in Transmutations
  2286 | D:3      | Reached skill level 1 in Fire Magic
  2286 | D:3      | Reached skill level 1 in Ice Magic
  2286 | D:3      | Reached skill level 1 in Air Magic
  2286 | D:3      | Reached skill level 1 in Earth Magic
  2286 | D:3      | Reached skill level 1 in Poison Magic
  2612 | D:3      | Reached XP level 5. HP: 29/37 MP: 14/14
  2811 | D:4      | HP: 1/37 [hound skeleton (3)]
  2811 | D:4      | Slain by a hound

Skill      XL: |  1  2  3  4 |
---------------+-------------+-----
Conjurations   | 2 |  2.4
Summonings     | 2 |  2.4
Translocations | 2 |  2.4
Invocations    | 1 |  1.7
Fighting       | 1 |  1.5
Short Blades   | 1 |  1.5
Long Blades    | 1 |  1.5
Axes           | 1 |  1.5
Maces & Flails | 1 |  1.5
Polearms       | 1 |  1.5
Staves         | 1 |  1.5
Slings         | 1 |  1.5
Bows           | 1 |  1.5
Crossbows      | 1 |  1.5
Throwing       | 1 |  1.5
Armour         | 1 |  1.5
Shields        | 1 |  1.5
Unarmed Combat | 1 |  1.5
Hexes          | 1 |  1.2
Charms         | 1 |  1.2
Necromancy     | 1 |  1.2
Transmutations | 1 |  1.2
Fire Magic     | 1 |  1.2
Ice Magic      | 1 |  1.2
Air Magic      | 1 |  1.2
Earth Magic    | 1 |  1.2
Poison Magic   | 1 |  1.2
Dodging        | |  4.8
Stealth        | |  4.4
Spellcasting   | |  7.3

Action                   |  1- 3 |  4- 6 || total
-------------------------+-------+-------++-------
Melee: Hand axe          |    46 |    66 ||   112
       Bite              |     4 |     8 ||    12
 Cast: Magic Dart        |    43 |    30 ||    73
       Mephitic Cloud    |       |     1 ||     1
Invok: Sacrifice Artific |     1 |       ||     1
  Use: Scroll            |     1 |       ||     1
 Stab: Sleeping          |     3 |     2 ||     5
  Eat: Chunk             |     3 |     2 ||     5
Armor: Robe              |     7 |    11 ||    18
Dodge: Dodged            |    40 |    87 ||   127
